 Dungeon Crawl Stone Soup version 0.20-a0-739-g6bb112f (webtiles) character file.

280 polly the Bolt Thrower (level 6, -1/47 HPs)
             Began as a Formicid Hunter on Feb 25, 2017.
             Was an Initiate of Okawaru.
             Slain by a gnoll
             ... wielding a +0 spear
              (5 damage)
             ... on level 4 of the Dungeon.
             The game lasted 00:05:09 (2903 turns).

polly the Bolt Thrower (Formicid Hunter)            Turns: 2903, Time: 00:05:09

Health: -1/47      AC:  4    Str: 17    XL:     6   Next: 52%
Magic:  6/6        EV:  9    Int: 13    God:    Okawaru [......]
Gold:   170        SH:  8    Dex: 13    Spells: 5/5 levels left

rFire    . . .     SeeInvis +   b - +0 short sword
rCold    . . .     Gourm    .   c - +0 leather armour
rNeg     . . .     Faith    .   j - +0 shield
rPois    .         Spirit   .   (helmet unavailable)
rElec    .         Reflect  .   (no cloak)
rCorr    .         Harm     .   h - +0 pair of gloves (curse)
MR       .....                  (no boots)
Stlth    +++.......             i - amulet of inaccuracy (curse)
Regen    0.2/turn               (no ring)
MPRegen  0.1/turn               q - ring of stealth

@: brilliant
A: permanent stasis, dig shafts and tunnels, four strong arms, antennae 3,
talons 1, dopey 1
a: Dig, Shaft Self, Renounce Religion


You were on level 4 of the Dungeon.
You worshipped Okawaru.
Okawaru was noncommittal.
You were very hungry.

You visited 1 branch of the dungeon, and saw 4 of its levels.

You collected 170 gold pieces.

Inventory:

Hand Weapons
 a - a +1 hand crossbow
 b - a +0 short sword (weapon)
Armour
 c - a +0 leather armour (worn)
 h - a cursed +0 pair of gloves (worn)
 j - a +0 shield (worn)
Jewellery
 i - a cursed amulet of inaccuracy (around neck)
 q - a ring of stealth (left hand)
Scrolls
 g - a scroll of enchant armour
 k - 2 scrolls of fog
 n - a scroll of identify
 o - 2 scrolls of enchant weapon
 s - 2 scrolls of fear
 t - a scroll of random uselessness
 u - a scroll of teleportation
 x - a scroll of noise
Potions
 r - a potion of magic
Comestibles
 f - 3 bread rations
 w - a royal jelly


   Skills:
 + Level 3.4 Fighting
 + Level 1.0 Short Blades
 + Level 6.2 Crossbows
 + Level 1.5 Armour
 + Level 2.0 Dodging
 + Level 1.5 Stealth
 + Level 1.4 Shields


You had 5 spell levels left.
You didn't know any spells.

Dungeon Overview and Level Annotations

Branches:
Dungeon (4/15)
 Temple: D:4-7

Altars:
Cheibriados
Okawaru

Annotations:
D:4 SaintJimmy's ghost, amateur MiBe


Innate Abilities, Weirdness & Mutations

You cannot be hasted, slowed, berserked, paralysed or teleported.
You can dig through walls and to a lower floor.
Your four strong arms can wield two-handed weapons with a shield.
You have a pair of large antennae on your head. (SInv)
You have sharp toenails.
You are dopey. (Int -2)


Message History

The gnoll hits you with a spear.
* * * LOW HITPOINT WARNING * * *
You hit the gnoll. Your kick misses the gnoll.
The gnoll is moderately wounded.
The gnoll hits you with a spear.
* * * LOW HITPOINT WARNING * * *
The gnoll misses you.
You closely miss the gnoll. You claw the gnoll, but do no damage.
The gnoll is moderately wounded.
You block the gnoll's attack.
You barely miss the gnoll. You claw the gnoll, but do no damage.
The gnoll is moderately wounded.
You block the gnoll's attack.
You barely miss the gnoll.
The gnoll is moderately wounded.
The gnoll barely misses you.
You closely miss the gnoll. You claw the gnoll, but do no damage.
The gnoll is moderately wounded.
The gnoll hits you with a spear.
You die...

#.......# #.....>## #........
#.##.#.## ####...# #........ #
#.#..# ###.# #.......# ##.#.#
##+## ###...### # #.#.# ##...##
#...# #.##.#.# ##....[## ##.##
#......## ##.......## ##..#
#####....####.........####...##
............+...@.....†.......#
#####....####...)g....####....#
#.#.## ##...(...## #...#.#
...... ##.....## #.#...#
.#.###.# ##(..## #.##### #.# .#
##'## #.# #.# # #.# #.# .. #.#
#.# #.# #.#


You could see a gnoll.

Vanquished Creatures
  An ogre (D:4)
  A howler monkey (D:4)
  An orc priest (D:3)
  A worker ant (D:3)
  2 gnolls (D:4)
  An ooze (D:2)
  2 worms (D:3)
  4 leopard geckos
  4 orcs
  3 ball pythons
  A giant cockroach (D:3)
  5 hobgoblins
  6 jackals
  5 kobolds
  8 bats
  3 frilled lizards
  9 goblins
  A quokka skeleton (D:4)
  9 rats
67 creatures vanquished.

Notes
Turn   | Place    | Note
-------+----------+-------------------------------------------
     0 | D:1      | polly the Formicid Hunter began the quest for the Orb.
     0 | D:1      | Reached XP level 1. HP: 16/16 MP: 1/1
    86 | D:1      | Reached XP level 2. HP: 22/22 MP: 2/2
   539 | D:1      | Reached XP level 3. HP: 27/27 MP: 3/3
  1012 | D:2      | Reached skill level 5 in Crossbows
  1201 | D:3      | Reached XP level 4. HP: 34/34 MP: 4/4
  1212 | D:3      | Found an iron altar of Okawaru.
  1233 | D:3      | Became a worshipper of Warmaster Okawaru
  1707 | D:3      | Found a snail-covered altar of Cheibriados.
  1732 | D:3      | Reached XP level 5. HP: 39/39 MP: 5/5
  1773 | D:3      | Found a faded altar of an unknown god.
  2031 | D:4      | Noticed an ogre
  2041 | D:4      | Killed an ogre
  2041 | D:4      | Reached skill level 1 in Armour
  2041 | D:4      | Reached skill level 1 in Shields
  2041 | D:4      | Reached XP level 6. HP: 24/47 MP: 6/6
  2204 | D:4      | Noticed SaintJimmy's ghost (amateur MiBe)
  2230 | D:3      | Reached skill level 6 in Crossbows
  2894 | D:4      | Reached skill level 1 in Short Blades
  2897 | D:4      | Gained mutation: You are dopey. (Int -2) [potion of mutation]
  2897 | D:4      | Gained mutation: You have sharp toenails. [potion of mutation]
  2903 | D:4      | Slain by a gnoll

Vault maps used:
D:1:      minmay_arrival_glassed_features
D:2:      minmay_octomino_e4
D:3:      old_standard_altar, nicolae_overflow_hidden_temple,
          chequers_ecumenical_altar_grove
D:4:      minmay_temple_entry_statues_fountains, first_bread

Skill      XL: |  1  2  3  4  5  6 |
---------------+-------------------+-----
Crossbows      | 5 6 |  6.2
Fighting       | 3 |  3.4
Armour         | 1 |  1.5
Dodging        | 2 |  2.0
Shields        | 1 |  1.4
Short Blades   | 1 |  1.0
Stealth        | |  1.5

Action                   |  1- 3 |  4- 6 || total
-------------------------+-------+-------++-------
Melee: Short sword       |       |    24 ||    24
       Kick              |       |     3 ||     3
 Fire: Hand crossbow     |    77 |    96 ||   173
  Use: Potion            |       |     6 ||     6
       Scroll            |       |     7 ||     7
  Eat: Chunk             |       |     5 ||     5
Armor: Leather armour    |    10 |     9 ||    19
Dodge: Dodged            |    19 |    36 ||    55
Block: Shield            |     8 |    38 ||    46
